 Dungeon Crawl Stone Soup version 0.21.1-1-g345015fe64 (webtiles) character file.

116 McKennaii the Magician (level 4, -6/24 HPs)
             Began as a Deep Elf Ice Elementalist on June 11, 2018.
             Shot with an arrow by a centaur (12 damage)
             ... on level 3 of the Dungeon.
             The game lasted 00:04:02 (2589 turns).

McKennaii the Magician (Deep Elf Ice Elementalist)  Turns: 2589, Time: 00:04:02

Health: -6/24      AC:  3    Str:  5    XL:     4   Next: 69%
Magic:  4/12       EV: 13    Int: 24    God:
Gold:   187        SH:  0    Dex: 15    Spells: 6/12 levels left

rFire    . . .     SeeInvis .   d - +0 dagger
rCold    . . .     Gourm    +   (no shield)
rNeg     . . .     Faith    .   a - +0 robe
rPois    .         Spirit   .   q - +0 helmet
rElec    .         Reflect  .   (no cloak)
rCorr    .         Harm     .   (no gloves)
MR       .....                  (no boots)
Stlth    ++........             m - amulet of the gourmand
HPRegen  0.08/turn              h - +3 ring of intelligence
MPRegen  0.13/turn              (no ring)

@: no status effects
A: no striking features
a: no special abilities


You were on level 3 of the Dungeon.
You were not hungry.

You visited 1 branch of the dungeon, and saw 3 of its levels.

You collected 187 gold pieces.

Inventory:

Hand Weapons
 d - a +0 dagger (weapon)
Armour
 a - a +0 robe (worn)
 q - a +0 helmet (worn)
Jewellery
 h - a +3 ring of intelligence (left hand)
 m - an amulet of the gourmand (around neck)
Scrolls
 e - 2 scrolls of identify
 f - a scroll of enchant armour {unknown}
 g - a scroll of fear {unknown}
 k - a scroll of fog {unknown}
 n - 2 scrolls of remove curse {unknown}
 o - 3 scrolls of teleportation {unknown}
 r - a scroll of enchant weapon {unknown}
Potions
 i - a potion of degeneration {unknown}
 j - a potion of berserk rage {unknown}
 l - a potion of curing {unknown}
Books
 b - a book of Frost

   Spells                             Type                      Level
   a - Freeze                         Ice                          1
   b - Throw Frost                    Conjuration/Ice              2
   c - Ozocubu's Armour               Charms/Ice                   3
   d - Throw Icicle                   Conjuration/Ice              4
   e - Summon Ice Beast               Ice/Summoning                4
 p - a book of Changes

   Spells                             Type                      Level
   a - Beastly Appendage              Transmutation                1
   b - Sticks to Snakes               Transmutation                2
   c - Spider Form                    Transmutation/Poison         3
   d - Ice Form                       Ice/Transmutation            4
   e - Blade Hands                    Transmutation                5
 s - a book of Necromancy

   Spells                             Type                      Level
   a - Pain                           Necromancy                   1
   b - Animate Skeleton               Necromancy                   1
   c - Vampiric Draining              Necromancy                   3
   d - Regeneration                   Charms/Necromancy            3
   e - Animate Dead                   Necromancy                   4
   f - Borgnjor's Vile Clutch         Necromancy/Earth             5
Comestibles
 c - 5 rations


   Skills:
 + Level 0.1 Fighting
 + Level 2.8 Dodging
 * Level 3.4 Stealth
 * Level 4.6 Spellcasting
 + Level 1.8 Conjurations
 * Level 4.3 Ice Magic


You had 6 spell levels left.
You knew the following spells:

 Your Spells              Type           Power        Failure   Level  Hunger
a - Freeze                Ice            ####         1%          1    None
b - Throw Frost           Conj/Ice       ###...       4%          2    None
c - Ozocubu's Armour      Chrm/Ice       ###.....     12%         3    ##.....


Dungeon Overview and Level Annotations

Branches:
Dungeon (3/15)

Altars:


Message History

The arrow hits you.
The centaur shoots an arrow.
The arrow hits you!
Ouch! That really hurt!
* * * LOW HITPOINT WARNING * * *
Casting: Throw Frost
Confirm with . or Enter, or press ? or * to list all spells.
Aiming: Throw Frost
Press: ? - help, Shift-Dir - straight line, f/p - centaur
Aim: a centaur, wielding a shortbow (moderately wounded)
The puff of frost hits the centaur.
The centaur is severely wounded.
The centaur shoots an arrow.
The arrow barely misses you.
Casting: Throw Frost
Confirm with . or Enter, or press ? or * to list all spells.
Aiming: Throw Frost
Press: ? - help, Shift-Dir - straight line, f/p - centaur
Aim: a centaur, wielding a shortbow (severely wounded)
The puff of frost misses the centaur.
The centaur shoots an arrow.
The arrow hits you!
Ouch! That really hurt!
You die...

### ####.. ..#.# # #...#
.$ ##...###.#.# .#
.####...(......# .#
....=...@....## ##.#
#####..#####..? ...#
#..# #.# #..# .#####..#
#.# #..## ....(...## #.#
###...##
######...####.###......#
##c....#.......#...##
#....†.†.#.###.#..##
#.........#.##....#####


You could see a centaur.

Vanquished Creatures
  6 adders
  2 worms (D:2)
  A dart slug (D:2)
  A leopard gecko (D:2)
  3 orcs (D:3)
  6 hobgoblins
  11 jackals
  A ball python (D:1)
  6 bats
  4 frilled lizards
  3 goblins
  3 kobolds
  5 rats
52 creatures vanquished.

Notes
Turn   | Place    | Note
-------+----------+-------------------------------------------
     0 | D:1      | McKennaii the Deep Elf Ice Elementalist began the quest for the Orb.
     0 | D:1      | Reached XP level 1. HP: 10/10 MP: 6/6
   176 | D:1      | Reached XP level 2. HP: 13/15 MP: 6/8
   663 | D:2      | Learned a level 2 spell: Throw Frost
   840 | D:2      | Reached XP level 3. HP: 10/19 MP: 5/10
  1088 | D:2      | Learned a level 3 spell: Ozocubu's Armour
  1395 | D:2      | Reached XP level 4. HP: 20/24 MP: 0/12
  2016 | D:3      | Noticed a centaur
  2589 | D:3      | Shot with an arrow by a centaur

Skill      XL: |  1  2  3 |
---------------+----------+-----
Ice Magic      | 4 |  4.3
Spellcasting   | 4 |  4.6
Stealth        | 3 |  3.4
Fighting       | |  0.1
Dodging        | |  2.8
Conjurations   | |  1.8

Action                   |  1- 3 |  4- 6 || total
-------------------------+-------+-------++-------
Melee: Unarmed           |     4 |       ||     4
       Dagger            |     4 |     6 ||    10
 Cast: Freeze            |    43 |    14 ||    57
       Throw Frost       |    13 |    25 ||    38
  Use: Scroll            |     1 |       ||     1
  Eat: Chunk             |     1 |     4 ||     5
Armor: Robe              |     7 |     5 ||    12
Dodge: Dodged            |    40 |     9 ||    49
